 Dungeon Crawl Stone Soup version 0.21.1-1-g345015fe64 (webtiles) character file.

117968 MsStandart the Bludgeoner (level 16, -7/232 HPs)
             Began as a Minotaur Berserker on June 19, 2018.
             Was the Champion of Trog.
             Mangled by a swamp dragon (12 damage)
             ... on level 4 of the Swamp on June 23, 2018.
             The game lasted 02:24:23 (30483 turns).

MsStandart the Bludgeoner (Minotaur Berserker)     Turns: 30483, Time: 02:24:25

Health: -7/232     AC: 22    Str: 32    XL:     16   Next: 24%
Magic:  15/15      EV: 19    Int:  4    God:    Trog [******]
Gold:   1311       SH:  3    Dex: 15    Spells: 15/15 levels left

rFire    x . .     SeeInvis .   y - +7 demon whip (venom)
rCold    + + .     Gourm    .   (no shield)
rNeg     . . .     Faith    .   i - +2 plate armour
rPois    .         Spirit   .   (helmet restricted)
rElec    .         Reflect  +   s - +0 cloak
rCorr    .         Harm     .   A - +1 pair of gloves {Dex+3}
MR       +....                  F - +0 pair of boots {Fly}
Stlth    ..........             x - +3 amulet of reflection
HPRegen  0.48/turn              w - ring of protection from cold
MPRegen  0.14/turn              u - ring of ice

@: berserking, lethally poisoned (-7 -> -71), flying, very quick
A: retaliatory headbutt, horns 2
a: Berserk, Trog's Hand, Brothers in Arms, Burn Spellbooks, Renounce Religion,
Stop Flying


You were on level 4 of the Swamp.
You worshipped Trog.
Trog was exalted by your worship.
You were not hungry.

You visited 4 branches of the dungeon, and saw 24 of its levels.

You collected 2264 gold pieces.
You spent 953 gold pieces at shops.

Inventory:

Hand Weapons
 y - a +7 demon whip of venom (weapon)
 K - a +4 great mace of electrocution
 M - a +1 antimagic eveningstar
 O - a +2 antimagic dire flail
 T - a +1 triple sword of holy wrath
Armour
 i - a +2 plate armour (worn)
 s - a +0 cloak (worn)
 A - a +1 pair of gloves of dexterity (worn)
 D - +0 acid dragon scales
 F - a +0 pair of boots of flying (worn)
 I - a +1 chain mail of fire resistance
 J - the +1 ring mail "Poomuzaa" {-Cast MR++ Str+2 Stlth+}
   (You found it on level 4 of the Lair of Beasts)

   It affects your strength (+2).
   It affects your resistance to hostile enchantments.
   It prevents spellcasting.
   It makes you more stealthy.
 V - +4 storm dragon scales {Bai Suzhen}
Jewellery
 l - an uncursed ring of see invisible
 n - an uncursed ring of stealth
 u - a ring of ice (right hand)
 w - a ring of protection from cold (left hand)
 x - a +3 amulet of reflection (around neck)
 R - an uncursed ring of stealth
 S - an uncursed amulet of the gourmand
Wands
 p - a wand of flame (24)
 v - a wand of disintegration (43)
 z - a wand of polymorph (6)
 B - a wand of iceblast (9)
 H - a wand of digging (22)
 P - a wand of paralysis (28)
 X - a wand of random effects (31)
Scrolls
 a - 4 scrolls of magic mapping
 b - 7 scrolls of remove curse
 g - 2 scrolls of identify
 q - 3 scrolls of teleportation
 C - a scroll of fear
 E - 3 scrolls of fog
 Q - a scroll of silence
Potions
 d - 2 potions of flight
 e - 4 potions of haste
 f - 2 potions of berserk rage
 h - 5 potions of agility
 j - 5 potions of heal wounds
 k - 3 potions of resistance
 o - 4 potions of might
 t - 4 potions of magic
 G - 3 potions of ambrosia
 L - a potion of brilliance {unknown}
 N - a potion of cancellation {unknown}
 W - a potion of lignification {unknown}
Miscellaneous
 r - a sack of spiders
 U - a phial of floods
Comestibles
 c - 21 rations


   Skills:
 + Level 17.1 Fighting
 + Level 19.2 Maces & Flails
 - Level 10.6 Armour
 * Level 17.9 Dodging


You had 15 spell levels left.
You didn't know any spells.

Dungeon Overview and Level Annotations

Branches:
Dungeon (12/15)            Temple (0/1) D:6            Lair (6/6) D:9
  Swamp (4/4) Lair:4       Spider (0/4) Lair:2        Slime (0/5) Lair:5
    Orc (2/2) D:12            Elf (0/3) Orc:2

Altars:
Cheibriados
Elyvilon
Hepliaklqana
Kikubaaqudgha
Okawaru
Qazlal
Trog
Uskayaw
Vehumet
Wu Jian
Xom
Yredelemnul
Beogh

Shops:
D:9 :(?**   D:11 [   D:12 (   Orc:2 }?=[

Annotations:
Lair:5 exclusion: 3 oklob plants
Swamp:1 2 transporters


Innate Abilities, Weirdness & Mutations

You reflexively headbutt those who attack you in melee.
You have a pair of horns on your head.


Message History

You are lethally poisoned!
* * * LOW HITPOINT WARNING * * *
x2 You feel very sick.
You see here a swamp drake skeleton.
You hit the swamp dragon but do no damage.
You headbutt the swamp dragon, but do no damage.
You are engulfed in poison gas.
You are more poisoned.
* * * LOW HITPOINT WARNING * * *
x2 You feel sick.
The swamp dragon bites you but does no damage.
The swamp dragon misses you. The swamp dragon closely misses you.
A red film seems to cover your vision as you go berserk!
You feel yourself moving faster!
You feel mighty!
You feel a lot more hungry.
You are engulfed in poison gas.
You are more poisoned.
* * * LOW HITPOINT WARNING * * *
x2 You feel extremely sick.
The swamp dragon bites you!
You die...

♣♣.≈..≈.
≈♣♣♣♣♣♣..?≈..%
≈.§≈.!≈.≈.≈♣
♣.≈...≈...≈.
♣≈≈..§≈.# ♣..≈.†♣
♣.÷≈≈# ≈≈.♣
♣♣≈D♣# ♣.≈≈ ♣♣@♣#
.≈≈ ♣..♣ ♣≈≈ ♣§♣#
#♣≈. ♣[♣# #≈§.
♣§.♣ #♣... ♣♣.♣#
#♣≈§). ♣≈≈♣#
#♣≈..♣♣ ♣♣≈÷♣♣#
#♣≈≈§..♣
♣♣.≈≈♣♣##♣≈≈♣.≈≈.


You could see a swamp dragon.

Vanquished Creatures
  Bai Suzhen (Swamp:3)
  An orc warlord (Orc:1)
  The ghost of Necrophagist the Eclecticist, a journeyman DECj of Vehumet (Swamp:3)
  Snorg (Lair:6)
  Josephine (D:11)
  20 hydras
  Fannar (Orc:1)
  2 ghost crabs
  2 ogre magi (Orc:2)
  A centaur warrior (D:11)
  Erica (Lair:1)
  8 death yaks
  12 alligators
  12 two-headed ogres
  An orc high priest (Orc:1)
  Nergalle (Lair:4)
  7 swamp dragons
  2 shambling mangroves (Swamp:2)
  2 deep trolls (Orc:2)
  5 spriggan druids
  A lindwurm (Lair:3)
  An orc knight (Orc:2)
  A wolf spider (Lair:2)
  4 cyclopes
  2 manticores
  A torpor snail (Lair:4)
  6 elephants
  37 spiny frogs
  6 black mambas
  A rime drake (Lair:5)
  7 komodo dragons
  A polar bear (Lair:2)
  10 trolls
  3 jumping spiders (Lair:2)
  9 hornets
  5 tyrant leeches
  15 blink frogs
  13 slime creatures
  11 hippogriffs
  3 bog bodies (Swamp:1)
  6 dream sheep
  A shadow (Swamp:1)
  2 vampires
  6 wraiths
  46 yaks
  2 spriggans
  2 hungry ghosts
  8 vampire mosquitoes
  A steam dragon (D:12)
  An acid dragon (D:12)
  3 wargs
  14 swamp worms
  14 insubstantial wisps
  8 water moccasins
  10 porcupines
  7 swamp drakes
  20 orc warriors
  4 ice beasts
  2 sky beasts
  A black bear (D:11)
  2 phantoms
  24 ogres
  4 wolves (Lair:6)
  22 centaurs
  12 crocodiles
  3 big kobolds
  23 bullfrogs
  5 scorpions
  13 killer bees
  A water moccasin skeleton (D:8)
  13 wights
  A howler monkey (D:4)
  A centaur zombie (D:9)
  5 crimson imps
  A bullfrog zombie (D:7)
  A quasit (D:6)
  6 hounds
  A centaur skeleton (D:5)
  19 orc priests
  6 jellies
  5 bullfrog skeletons
  An iguana (D:4)
  16 orc wizards
  7 hell rats (Lair:4)
  5 worker ants
  A killer bee zombie (D:9)
  A worker ant zombie (D:7)
  4 gnolls (D:8)
  10 adders
  2 shadow imps
  6 oozes
  2 adder zombies
  2 dart slugs (D:4)
  6 leopard geckos
  117 orcs
  3 giant cockroaches
  8 goblins
  2 hobgoblins
  9 jackals
  18 kobolds
  4 quokkas
  2 ball pythons
  13 bats
  3 frilled lizards
  A jackal zombie (D:7)
  2 quokka skeletons
  5 rats
  5 fungi (Lair:4)
800 creatures vanquished.

Vanquished Creatures (others)
  An unseen horror (D:11)
  An ugly thing (D:11)
  A yak (D:11)
  An ogre (D:11)
  A bullfrog (D:11)
  A centaur skeleton (D:11)
  An orc wizard (D:11)
  A leopard gecko (D:11)
  A jackal (D:11)
  A kobold (D:11)
  8 fungi
  37 plants
55 creatures vanquished.

Grand Total: 855 creatures vanquished

Notes
Turn   | Place    | Note
-------+----------+-------------------------------------------
     0 | D:1      | MsStandart the Minotaur Berserker began the quest for the Orb.
     0 | D:1      | Reached XP level 1. HP: 19/19 MP: 0/0
   148 | D:1      | Reached skill level 4 in Maces & Flails
   193 | D:1      | Reached XP level 2. HP: 25/27 MP: 1/1
   717 | D:2      | Reached XP level 3. HP: 33/33 MP: 2/2
   814 | D:2      | Reached ** piety under Trog
   843 | D:2      | Noticed a phantom
   881 | D:2      | Killed a phantom
   881 | D:2      | Reached skill level 5 in Maces & Flails
   881 | D:2      | Reached XP level 4. HP: 17/41 MP: 3/3
   881 | D:2      | Reached XP level 5. HP: 19/47 MP: 4/4
  1393 | D:2      | Found a stormy altar of Qazlal.
  1556 | D:3      | Reached skill level 6 in Maces & Flails
  1800 | D:3      | Reached skill level 5 in Fighting
  2342 | D:4      | Reached *** piety under Trog
  2342 | D:4      | Reached XP level 6. HP: 56/56 MP: 5/5
  2717 | D:4      | Reached skill level 7 in Maces & Flails
  2735 | D:4      | Found an iron altar of Okawaru.
  2923 | D:4      | Found a hazy altar of Hepliaklqana.
  3083 | D:5      | Entered Level 5 of the Dungeon
  3131 | D:5      | Reached skill level 5 in Armour
  3131 | D:5      | Reached XP level 7. HP: 62/62 MP: 6/6
  3277 | D:5      | Reached skill level 8 in Maces & Flails
  3954 | D:5      | Reached XP level 8. HP: 29/71 MP: 7/7
  4272 | D:5      | Reached **** piety under Trog
  4332 | D:5      | Reached skill level 9 in Maces & Flails
  4862 | D:6      | Found a snail-covered altar of Cheibriados.
  4980 | D:6      | Found a basalt altar of Yredelemnul.
  5175 | D:6      | Found a staircase to the Ecumenical Temple.
  5404 | D:7      | Reached skill level 10 in Maces & Flails
  5590 | D:7      | Paralysed by fainting for 6 turns
  5597 | D:7      | Paralysed by fainting for 12 turns
  5616 | D:7      | Reached XP level 9. HP: 72/81 MP: 8/8
  5705 | D:7      | Reached ***** piety under Trog
  6038 | D:7      | Found a white marble altar of Elyvilon.
  6070 | D:7      | Reached skill level 11 in Maces & Flails
  6095 | D:7      | Found a bloodstained altar of Trog.
  7153 | D:8      | Received a gift from Trog
  7659 | D:8      | Reached skill level 12 in Maces & Flails
  7700 | D:8      | Found an ornate altar of the Wu Jian Council.
  7700 | D:8      | Found an ancient bone altar of Kikubaaqudgha.
  7983 | D:9      | Found Suob's Magic Scroll Boutique.
  8010 | D:9      | Found a staircase to the Lair.
  8024 | D:9      | Found Onturch's Assorted Antiques.
  8028 | D:9      | Found Arabovov's Assorted Antiques.
  8049 | D:9      | Found Nega's Weapon Shop.
  8062 | D:9      | Noticed a hand axe
  8062 | D:9      | Noticed a two-headed ogre
  8063 | D:9      | Noticed a hand axe
  8067 | D:9      | Killed a two-headed ogre
  8067 | D:9      | Reached XP level 10. HP: 91/91 MP: 9/9
  8079 | D:9      | Found a hide-covered altar of Uskayaw.
  8172 | D:9      | Found Tilielyu's Book Boutique.
  8364 | D:9      | Found a radiant altar of Vehumet.
  8653 | D:10     | Entered Level 10 of the Dungeon
  8853 | D:10     | Reached skill level 13 in Maces & Flails
  9197 | D:11     | Killed an unseen horror
  9217 | D:10     | Reached skill level 10 in Fighting
  9396 | D:11     | Found a roughly hewn altar of Beogh.
  9722 | D:11     | Killed a cyan ugly thing
 10032 | D:11     | Reached skill level 10 in Armour
 10066 | D:11     | Noticed a two-headed ogre
 10073 | D:11     | Killed a two-headed ogre
 10087 | D:11     | Noticed a manticore
 10092 | D:11     | Killed a manticore
 10092 | D:11     | Reached skill level 14 in Maces & Flails
 10105 | D:11     | Reached XP level 11. HP: 101/101 MP: 10/10
 10651 | D:11     | Found Xecherch's Armour Boutique.
 10872 | D:11     | Noticed an eight-headed hydra
 10878 | D:11     | Killed an eight-headed hydra
 11074 | D:11     | Found a shimmering altar of Xom.
 11082 | D:11     | Reached skill level 5 in Dodging
 11094 | D:11     | Noticed a centaur warrior
 11103 | D:11     | Killed a centaur warrior
 11283 | D:11     | Noticed a six-headed hydra
 11289 | D:11     | Killed a six-headed hydra
 11331 | D:11     | Found the +10 large shield of Ignorance {rN+ Int-4}
 11373 | D:11     | Noticed Josephine
 11391 | D:11     | Killed Josephine
 11391 | D:11     | Reached skill level 15 in Maces & Flails
 12030 | D:12     | Found a staircase to the Orcish Mines.
 12034 | D:12     | Found Neohagie's Weapon Shoppe.
 12052 | D:12     | Reached XP level 12. HP: 109/112 MP: 11/11
 12136 | D:12     | Noticed a two-headed ogre
 12142 | D:12     | Killed a two-headed ogre
 12343 | D:12     | Reached ****** piety under Trog
 12912 | D:11     | Bought a +1 pair of gloves of dexterity for 264 gold pieces
 12921 | D:11     | Bought a +0 pair of boots of flying for 184 gold pieces
 13013 | Lair:1   | Entered Level 1 of the Lair of Beasts
 13412 | Lair:1   | Found a hide-covered altar of Uskayaw.
 13458 | Lair:1   | Noticed a six-headed hydra
 13465 | Lair:1   | Killed a six-headed hydra
 13533 | Lair:1   | Noticed Erica
 13542 | Lair:1   | Killed Erica
 13542 | Lair:1   | Reached skill level 10 in Dodging
 14083 | Lair:1   | Received a gift from Trog
 14083 | Lair:1   | Reached skill level 16 in Maces & Flails
 14090 | Lair:1   | Noticed a seven-headed hydra
 14100 | Lair:1   | Killed a seven-headed hydra
 14551 | Lair:2   | Noticed a four-headed hydra
 14612 | Lair:1   | Killed a four-headed hydra
 14826 | Lair:2   | Reached XP level 13. HP: 89/122 MP: 12/12
 15082 | Lair:2   | Received a gift from Trog
 15263 | Lair:2   | Found a hole to the Spider Nest.
 17212 | Lair:4   | Got a smelly ring mail
 17223 | Lair:4   | Identified the cursed +1 ring mail "Poomuzaa" {-Cast MR++ Str+2 Stlth+} (You found it on level 4 of the Lair of Beasts)
 17327 | Lair:4   | Noticed Nergalle
 17338 | Lair:4   | Killed Nergalle
 17785 | Lair:4   | Found a staircase to the Swamp.
 18214 | Lair:5   | Found a staircase to the Slime Pits.
 18326 | Lair:4   | Reached skill level 17 in Maces & Flails
 18807 | Lair:4   | Reached XP level 14. HP: 80/133 MP: 13/13
 19636 | Lair:6   | Entered Level 6 of the Lair of Beasts
 20269 | Lair:6   | Noticed Snorg
 20295 | Lair:6   | Killed Snorg
 20301 | Lair:6   | Received a gift from Trog
 20813 | Lair:6   | Reached skill level 15 in Fighting
 22140 | Lair:6   | Reached skill level 15 in Dodging
 22988 | Orc:1    | Entered Level 1 of the Orcish Mines
 22998 | Orc:1    | Noticed Fannar
 23007 | Orc:1    | Killed Fannar
 23200 | Orc:2    | Entered Level 2 of the Orcish Mines
 23246 | Orc:2    | Found Aqosh's Jewellery Shoppe.
 23247 | Orc:2    | Found Cucko's Antique Armour Emporium.
 23701 | Orc:2    | Received a gift from Trog
 23713 | Orc:2    | Reached skill level 18 in Maces & Flails
 23878 | Orc:2    | Found Ypoa's Magic Scroll Boutique.
 23897 | Orc:2    | Reached XP level 15. HP: 143/143 MP: 14/14
 23906 | Orc:2    | Found Ceafoito's Gadget Emporium.
 24226 | Orc:2    | Noticed an orc warlord
 24231 | Orc:2    | Found a roughly hewn altar of Beogh.
 24509 | Orc:1    | Killed an orc warlord
 25680 | Orc:2    | Found a staircase to the Elven Halls.
 25782 | Orc:2    | Bought a scroll of enchant weapon for 105 gold pieces
 25794 | Orc:2    | Bought an uncursed ring of protection from cold for 400 gold pieces
 26022 | Swamp:1  | Entered Level 1 of the Swamp
 26046 | Lair:4   | Received a gift from Trog
 27618 | Swamp:1  | Found a transporter.
 27626 | Swamp:1  | Noticed a thorn hunter
 27891 | Swamp:1  | Found a transporter.
 27978 | Swamp:2  | Paralysed by a hornet for 1 turns
 28591 | Swamp:3  | Received a gift from Trog
 29158 | Swamp:3  | Noticed Necrophagist's ghost (journeyman DECj)
 29181 | Swamp:3  | Killed Necrophagist's ghost
 29408 | Swamp:3  | Noticed Bai Suzhen
 29428 | Swamp:3  | Killed Bai Suzhen
 29473 | Swamp:3  | Reached skill level 19 in Maces & Flails
 29794 | Swamp:4  | Entered Level 4 of the Swamp
 29804 | Swamp:4  | Reached XP level 16. HP: 154/154 MP: 15/15
 30483 | Swamp:4  | HP: 5/232 [poisoned by a swamp dragon (poison gas)]
 30483 | Swamp:4  | Mangled by a swamp dragon

Skill      XL: |  1  2  3  4  5  6  7  8  9 10 11 12 13 14 15 16 |
---------------+-------------------------------------------------+-----
Maces & Flails | 4 5 6 7 8 10 12 14 15 16 17 18 19 | 19.2
Fighting       | 4 5 6 7 9 10 12 13 14 15 16 17 | 17.1
Armour         | 3 4 5 7 9 10 | 10.6
Dodging        | 7 11 13 15 17 | 17.9

Action                   |  1- 3 |  4- 6 |  7- 9 | 10-12 | 13-15 | 16-18 || total
-------------------------+-------+-------+-------+-------+-------+-------++-------
Melee: Mace              |    77 |   164 |   265 |       |       |       ||   506
       Headbutt          |    14 |    23 |    62 |   134 |   384 |    32 ||   649
       Morningstar       |       |       |    83 |       |       |       ||    83
       Demon whip        |       |       |    61 |   598 |  1273 |    97 ||  2029
Invok: Burn Spellbooks   |       |       |     1 |       |       |     1 ||     2
       Berserk           |       |       |       |     3 |     7 |     2 ||    12
Evoke: Wand              |       |       |       |     2 |     3 |       ||     5
  Use: Scroll            |     1 |     5 |    13 |     3 |    15 |       ||    37
       Potion            |       |       |       |     2 |     5 |     4 ||    11
  Eat: Chunk             |       |     7 |     9 |    22 |    33 |     1 ||    72
       Ration            |       |       |     4 |     1 |     6 |     1 ||    12
Armor: Ring mail         |    14 |       |       |       |       |       ||    14
       Plate armour      |    40 |   105 |   229 |   247 |   514 |    32 ||  1167
Dodge: Dodged            |    46 |    58 |   146 |   234 |   735 |    76 ||  1295
Block: Other             |       |       |    11 |    64 |   120 |     7 ||   202
       Reflection        |       |       |     1 |     7 |     2 |       ||    10
